 Dungeon Sprint DCSS version 0.21.0-24-g2553a33 (webtiles) character file.

449 letownia2 the Brawler (level 11, -1/95 (96) HPs)
             Began as a Troll Wizard on Jan 20, 2018.
             Was an Initiate of Gozag.
             Slain by a ghoul (20 damage)
             ... in the Dungeon (Sprint VI: "Thunderdome").
             The game lasted 00:08:24 (941 turns).

letownia2 the Brawler (Troll Wizard)                 Turns: 941, Time: 00:08:25

HP:   -1/95 (96)    AC: 16    Str: 20    XL:     11   Next: 44%
MP:   13/16         EV:  8    Int: 25    God:    Gozag
Gold: 130           SH:  0    Dex: 10    Spells: 3/18 levels left

rFire    + . .     SeeInvis +     - Unarmed
rCold    . . .     Gourm    +   (no shield)
rNeg     + + .     Faith    .   r - +0 pearl dragon scales
rPois    .         Spirit   .   b - +0 hat
rElec    .         Reflect  .   (no cloak)
rCorr    .         Harm     .   (gloves unavailable)
MR       +....     NoTele   +   (boots unavailable)
Stlth    +.........             w - amulet of Dasapr Olli {+Rage +Fly rN+ MR+ Dex+2}
HPRegen  0.65/turn              v - ring "Picw" {Wiz *Contam Str+3 Int+8 Stlth+}
MPRegen  0.15/turn              t - ring "Tidenn" {rF+ SInv}

@: gold aura
A: large, unfitting armour, claws 3, fast metabolism 3, gourmand, regeneration
1, shaggy fur 1, tough skin 2
}: 1/15 runes: decaying
a: Potion Petition, Call Merchant, Bribe Branch, Renounce Religion, Evoke
Berserk Rage, Evoke Flight


You were in the Dungeon.
You worshipped Gozag.
Gozag was aware of your devotion.
You were not hungry.

You visited 1 branch You collected 2496 gold pieces.
You spent 2366 gold pieces at shops.

Inventory:

Armour
 b - a +0 hat (worn)
 r - +0 pearl dragon scales (worn)
Jewellery
 p - the ring "Ufeeblot" {rN+ MR+ MP+9 Str-3 Int+4}
   (You bought it in a shop in the Dungeon)

   [ring of protection from magic]

   It affects your strength (-3).
   It affects your intelligence (+4).
   It protects you from negative energy.
   It affects your resistance to hostile enchantments.
   It affects your magic capacity (+9).
 q - the ring of the Skies Above {MR++ Dex+4 Stlth-}
   (You bought it in a shop in the Dungeon)

   [ring of loudness]

   It affects your dexterity (+4).
   It affects your resistance to hostile enchantments.
   It makes you less stealthy.
 t - the ring "Tidenn" (right claw) {rF+ SInv}
   (You bought it in a shop in the Dungeon)

   [ring of see invisible]

   It protects you from fire.
   It lets you see invisible.
 v - the ring "Picw" (left claw) {Wiz *Contam Str+3 Int+8 Stlth+}
   (You bought it in a shop in the Dungeon)

   [ring of wizardry]

   It improves your spell success rate.
   It affects your strength (+3).
   It affects your intelligence (+8).
   It causes magical contamination when unequipped.
   It makes you more stealthy.
 w - the amulet of Dasapr Olli (around neck) {+Rage +Fly rN+ MR+ Dex+2}
   (You bought it in a shop in the Dungeon)

   [amulet of rage]

   It affects your dexterity (+2).
   It protects you from negative energy.
   It affects your resistance to hostile enchantments.
   It lets you fly.
   It lets you go berserk.
Wands
 k - a wand of acid (5)
 l - a wand of iceblast (5)
Scrolls
 j - 4 scrolls of blinking
 m - 3 scrolls of fog
Potions
 e - a potion of curing
 f - 4 potions of heal wounds
 g - 4 potions of haste
 h - 2 potions of magic
 i - 6 potions of berserk rage
 n - a potion of resistance
 s - a potion of lignification
Comestibles
 d - 10 rations


   Skills:
 - Level 2.7 Fighting
 + Level 8.1 Armour
 - Level 1.5 Dodging
 - Level 1.0 Stealth
 - Level 18.1 Unarmed Combat
 - Level 4.2 Spellcasting
 - Level 4.2 Conjurations
   Level 0.6 Summonings
 - Level 2.0 Translocations
 - Level 6.3 Fire Magic
 - Level 3.7 Air Magic
 - Level 4.3 Poison Magic


You had 3 spell levels left.
You knew the following spells:

 Your Spells              Type           Power        Failure   Level  Hunger
a - Magic Dart            Conj           ####         1%          1    None
b - Blink                 Tloc           N/A          8%          2    None
c - Conjure Flame         Conj/Fire      ####....     3%          3    ##.....
e - Mephitic Cloud        Conj/Pois/Air  ####....     6%          3    ##.....
u - Statue Form           Tmut/Erth      #........    100%        6    #######


Dungeon Overview and Level Annotations

Branches:
Dungeon (1/1)

Altars:
Cheibriados
Dithmenos
Fedhas
Gozag
Kikubaaqudgha
Makhleb
Okawaru
Qazlal
Ru
Sif Muna
Trog
Uskayaw
Vehumet
Wu Jian
Xom
Yredelemnul
Zin
The Shining One
Beogh
Jiyva
Lugonu

Shops:
D *[%??*?*:[((!!!!


Innate Abilities, Weirdness & Mutations

You are too large for most types of armour.
You have claws for hands.
Your metabolism is lightning-fast.
You like to eat raw meat.
Your natural rate of healing is unusually fast.
You are covered in fur. (AC +1)
You have very tough skin. (AC +2)


Message History

Unknown command.
You mangle the necrophage!!
You destroy the necrophage!
Unknown command.
Casting: Conjure Flame
Confirm with . or Enter, or press ? or * to list all spells.
Aiming: Conjure Flame
Press: ? - help, Dir - move target cursor The fire ignites!
Okay, then.
You mangle the ghoul!! Your claw misses the ghoul.
The ghoul is lightly damaged.
The ghoul is engulfed in blazing flames.
The ghoul claws you but does no damage. The ghoul closely misses you.
You closely miss the ghoul.
The ghoul is moderately damaged.
The ghoul is engulfed in blazing flames.
The ghoul claws you but does no damage. The ghoul claws you!!
You die...
Your body crumbles into a pile of gold.

######.8.........8.######
##∩___.[)...###.)....___∩##
###∩....[...8.# #.8........∩##
##........))..)###.............
#⌠..........###.)n###..........
#⌠..........# #.<.# #..........
#⌠..........###$$.###..........
##..........[.n###[............
###∩......):8@# #[8[[......∩##
##∩___..)...###))....__.∩##
######.8......((.8.######
#⌠...........⌠# ###.........###
#_......._# #_.....)._#
#_......._# #∩.......∩#


You could see a ghoul and a necrophage.

Vanquished Creatures
  A ghoul (D)
  An ogre mage (D)
  A wizard (D)
  Pikel (D)
  6 deep elf magi (D)
  A bog body (D)
  2 necrophages (D)
  5 ogres (D)
  2 big kobolds (D)
  Ijyb (D)
  Terence (D)
  A gnoll (D)
  An adder (D)
  A giant cockroach (D)
  2 hobgoblins (D)
  A rat (D)
28 creatures vanquished.

Notes
Turn   | Place    | Note
-------+----------+-------------------------------------------
     0 | D        | letownia2 the Troll Wizard began the quest for the Orb.
     0 | D        | Reached XP level 1. HP: 16/16 MP: 2/2
     1 | D        | Found a radiant altar of Vehumet.
     1 | D        | Found a sacrificial altar of Ru.
     2 | D        | Found a glowing silver altar of Zin.
     2 | D        | Found a shimmering altar of Xom.
     3 | D        | Found an ornate altar of the Wu Jian Council.
     3 | D        | Found a hide-covered altar of Uskayaw.
     4 | D        | Found Umacing's Delicious Food.
     4 | D        | Found an iron altar of Okawaru.
     4 | D        | Found a basalt altar of Yredelemnul.
     4 | D        | Found Ewiagh's Identification Station.
     5 | D        | Found Jiggiopi's Jewellery.
     5 | D        | Found Geneepta's Advanced Armour.
     5 | D        | Round 1.
    11 | D        | Found Vyna's Magic Scroll Shop.
    13 | D        | Found a deep blue altar of Sif Muna.
    13 | D        | Found an opulent altar of Gozag.
    13 | D        | Found Puluzxoe's Staff Store.
    13 | D        | Found Kemyer's Magic Scroll Shop.
    13 | D        | Found Syaxt's Must-Have Magic.
    17 | D        | Found a snail-covered altar of Cheibriados.
    21 | D        | Became a worshipper of Gozag Ym Sagoz the Greedy
    23 | D        | Found a stormy altar of Qazlal.
    33 | D        | Found a roughly hewn altar of Beogh.
    41 | D        | Noticed Terence
    43 | D        | Found a glowing golden altar of the Shining One.
    44 | D        | Found a shadowy altar of Dithmenos.
    44 | D        | Found Iveariacs's Premium Goods.
    54 | D        | Found a burning altar of Makhleb.
    54 | D        | Found an ancient bone altar of Kikubaaqudgha.
    55 | D        | Found a bloodstained altar of Trog.
    55 | D        | Found a corrupted altar of Lugonu.
    56 | D        | Found a viscous altar of Jiyva.
    57 | D        | Found Ucuts's Weapon Rack.
    58 | D        | Found Bomieb's Basic Armour.
    58 | D        | Found Jumo's Miscellaneous Merchandise.
    66 | D        | Reached skill level 1 in Unarmed Combat
    91 | D        | Reached skill level 1 in Fighting
    91 | D        | Reached skill level 3 in Unarmed Combat
    91 | D        | Reached XP level 2. HP: 20/28 MP: 4/4
   105 | D        | Killed Terence
   105 | D        | Reached skill level 4 in Unarmed Combat
   105 | D        | Reached XP level 3. HP: 20/36 MP: 5/5
   110 | D        | Learned a level 3 spell: Mephitic Cloud
   149 | D        | Bought a brightly glowing zirconium amulet for 45 gold pieces
   149 | D        | Bought a fine steel ring for 45 gold pieces
   149 | D        | Bought a slimy bone ring for 45 gold pieces
   149 | D        | Identified the amulet "Xeextul" {Harm *Drain rPois} (You bought it in a shop in the Dungeon)
   150 | D        | Identified the ring "Ufeeblot" {rN+ MR+ MP+9 Str-3 Int+4} (You bought it in a shop in the Dungeon)
   151 | D        | Identified the ring of the Skies Above {MR++ Dex+4 Stlth-} (You bought it in a shop in the Dungeon)
   173 | D        | Reached skill level 1 in Conjurations
   173 | D        | Arena points: 6 (+6) [x1]
   181 | D        | Found a blossoming altar of Fedhas.
   182 | D        | Found Xeumaon's Distillery.
   183 | D        | Found Tuxez's Distillery.
   183 | D        | Found Onied's Bottled Wisdom.
   183 | D        | Found Tyxkabb's Do-It-Yourself Clinic.
   188 | D        | Round 2.
   196 | D        | Noticed Ijyb
   213 | D        | Killed Ijyb
   213 | D        | Reached skill level 1 in Air Magic
   213 | D        | Reached skill level 1 in Poison Magic
   213 | D        | Reached XP level 4. HP: 44/44 MP: 6/6
   254 | D        | Noticed Pikel
   303 | D        | Killed Pikel
   303 | D        | Reached skill level 9 in Unarmed Combat
   303 | D        | Reached XP level 5. HP: 23/50 MP: 10/10
   303 | D        | Reached XP level 6. HP: 28/59 MP: 11/11
   303 | D        | Reached XP level 7. HP: 31/66 MP: 12/12
   309 | D        | Learned a level 2 spell: Blink
   313 | D        | Learned a level 3 spell: Conjure Flame
   320 | D        | Reached skill level 1 in Translocations
   320 | D        | Reached skill level 1 in Fire Magic
   356 | D        | Arena points: 34 (+28) [x2]
   380 | D        | Round 3.
   385 | D        | Noticed a deep elf mage
   395 | D        | Killed a deep elf mage
   395 | D        | Reached skill level 11 in Unarmed Combat
   395 | D        | Reached XP level 8. HP: 74/74 MP: 13/13
   403 | D        | Noticed a deep elf mage
   405 | D        | Noticed a deep elf mage
   412 | D        | Killed a deep elf mage
   412 | D        | Reached skill level 12 in Unarmed Combat
   426 | D        | Killed a deep elf mage
   426 | D        | Reached skill level 13 in Unarmed Combat
   426 | D        | Reached skill level 5 in Fire Magic
   460 | D        | Noticed a deep elf mage
   474 | D        | Killed a deep elf mage
   474 | D        | Reached skill level 14 in Unarmed Combat
   474 | D        | Reached XP level 9. HP: 80/80 MP: 14/14
   481 | D        | Noticed a deep elf mage
   487 | D        | Killed a deep elf mage
   487 | D        | Reached skill level 15 in Unarmed Combat
   495 | D        | Noticed a deep elf mage
   502 | D        | Killed a deep elf mage
   502 | D        | Arena points: 97 (+63) [x3]
   536 | D        | Round 4.
   554 | D        | Reached skill level 16 in Unarmed Combat
   608 | D        | Noticed an ogre mage
   614 | D        | Killed an ogre mage
   614 | D        | Reached skill level 17 in Unarmed Combat
   614 | D        | Reached XP level 10. HP: 56/88 MP: 15/15
   633 | D        | Arena points: 209 (+112) [x4]
   699 | D        | Round 5.
   700 | D        | Noticed a witch
   706 | D        | Noticed a swamp dragon
   708 | D        | Noticed a five-headed hydra
   712 | D        | Killed a witch
   712 | D        | Arena points: 449 (+240) [x6]
   712 | D        | Reached skill level 18 in Unarmed Combat
   716 | D        | Got a decaying rune of Zot
   726 | D        | Bought +0 pearl dragon scales for 1200 gold pieces
   755 | D        | Bought 5 potions of berserk rage for 175 gold pieces
   755 | D        | Bought a potion of lignification for 21 gold pieces
   756 | D        | Reached XP level 11. HP: 96/96 MP: 16/16
   779 | D        | Bought 2 rations for 40 gold pieces
   779 | D        | Bought 2 rations for 40 gold pieces
   779 | D        | Bought 2 rations for 40 gold pieces
   779 | D        | Bought 2 rations for 40 gold pieces
   779 | D        | Bought 2 rations for 40 gold pieces
   780 | D        | Bought a clouded lapis lazuli ring for 45 gold pieces
   780 | D        | Bought a slimy ivory ring for 45 gold pieces
   780 | D        | Bought a sparkling copper ring for 45 gold pieces
   780 | D        | Bought a clouded emerald amulet for 45 gold pieces
   781 | D        | Identified the amulet of Dasapr Olli {+Rage +Fly rN+ MR+ Dex+2} (You bought it in a shop in the Dungeon)
   784 | D        | Identified the ring "Tidenn" {rF+ SInv} (You bought it in a shop in the Dungeon)
   786 | D        | Identified the ring of a Billion Ships {MR++ Stlth-} (You bought it in a shop in the Dungeon)
   789 | D        | Identified the ring "Picw" {Wiz *Contam Str+3 Int+8 Stlth+} (You bought it in a shop in the Dungeon)
   809 | D        | Bought a book of the Earth for 455 gold pieces
   816 | D        | Learned a level 6 spell: Statue Form
   889 | D        | Round 6.
   900 | D        | Noticed a ghoul
   917 | D        | Killed a ghoul
   934 | D        | Noticed a ghoul
   941 | D        | Slain by a ghoul

Skill      XL: |  1  2  3  4  5  6  7  8  9 10 11 |
---------------+----------------------------------+-----
Unarmed Combat | 3 4 9 11 14 17 18 | 18.1
Fighting       | 1 2 |  2.7
Conjurations   | 1 4 |  4.2
Air Magic      | 1 3 |  3.7
Poison Magic   | 1 4 |  4.3
Spellcasting   | 4 |  4.2
Translocations | 2 |  2.0
Fire Magic     | 3 6 |  6.3
Armour         | 4 8 |  8.1
Dodging        | |  1.5
Stealth        | |  1.0
Summonings     | |  0.6

Action                   |  1- 3 |  4- 6 |  7- 9 | 10-12 || total
-------------------------+-------+-------+-------+-------++-------
Melee: Unarmed           |    38 |    19 |    48 |    45 ||   150
       Punch             |       |       |     4 |     5 ||     9
 Cast: Mephitic Cloud    |       |     2 |     7 |     2 ||    11
       Conjure Flame     |       |       |       |     2 ||     2
  Use: Potion            |       |       |       |     1 ||     1
 Stab: Confused          |       |     1 |     3 |     1 ||     5
  Eat: Ration            |       |       |     1 |     1 ||     2
Armor: Robe              |    13 |     1 |       |     1 ||    15
       Pearl dragon scal |       |       |       |     6 ||     6
Dodge: Dodged            |    11 |     6 |    10 |     9 ||    36
